 Dungeon Crawl Stone Soup version 0.21-a0-79-g04744e2 (webtiles) character file.

8583 Kidiri the Martial Artist (level 11, -6/78 HPs)
             Began as a Demonspawn Transmuter on June 22, 2017.
             Was an Elder of Wu Jian.
             Mangled by a skeletal warrior
             ... wielding a +0 war axe
             ... led by a skeletal warrior
              (15 damage)
             ... on level 10 of the Dungeon.
             The game lasted 00:47:01 (12508 turns).

Kidiri the Martial Artist (Demonspawn Transmuter)  Turns: 12508, Time: 00:47:02

Health: -6/78      AC:  9    Str: 14    XL:     11   Next: 11%
Magic:  24/28      EV: 15    Int: 17    God:    Wu Jian [****..]
Gold:   577        SH:  0    Dex: 15    Spells: 1/21 levels left

rFire    + . .     SeeInvis .     - Unarmed
rCold    + . .     Gourm    .   (shield currently unavailable)
rNeg     . . .     Faith    .   C - +2 robe {rC+ rF+}
rPois    .         Spirit   .   u - +2 hat
rElec    .         Reflect  .   d - +2 cloak
rCorr    .         Harm     .   (gloves currently unavailable)
MR       .....     Clarity  +   (no boots)
Stlth    ++........             (no amulet)
HPRegen  0.00/turn              D - ring of magical power
MPRegen  0.21/turn              p - +2 ring of slaying

@: about to teleport, blade hands
A: claws 1, hooves 1, horns 2, clarity, clever 1, demonic guardian 1, foul
stench 1, inhibited regeneration, strong 1, rot immunity
a: End Transformation, Serpent's Lash, Renounce Religion


You were on level 10 of the Dungeon.
You worshipped Wu Jian.
Wu Jian was greatly pleased with you.
You were not hungry.
You had blades for hands.
You visited 2 branches of the dungeon, and saw 11 of its levels.
You also visited: Sewer.

You collected 577 gold pieces.

Inventory:

Missiles
 a - 212 arrows
Armour
 d - a +2 cloak (worn)
 r - a +2 robe of magic resistance
 u - a +2 hat (worn)
 C - a +2 robe of resistance (worn)
 F - a +2 pair of gloves (melded)
Jewellery
 e - an uncursed ring of flight
 p - a +2 ring of slaying (right scythe-like blade)
 x - an uncursed ring of teleportation
 D - a ring of magical power (left scythe-like blade)
Wands
 y - a wand of confusion (48/48)
 z - a wand of flame (20/48)
Scrolls
 g - a scroll of immolation
 i - 3 scrolls of remove curse
 k - 5 scrolls of teleportation
 m - 2 scrolls of amnesia
 G - a scroll of recharging
Potions
 b - 2 potions of heal wounds
 f - a potion of lignification
 h - 2 potions of brilliance
 l - a potion of cancellation
 n - 3 potions of curing
 o - a potion of resistance
 q - 2 potions of haste
 s - 3 potions of flight {unknown}
 w - a potion of might
Books
 c - a book of Changes

   Spells                             Type                      Level
   a - Beastly Appendage              Transmutation                1
   b - Sticks to Snakes               Transmutation                2
   c - Spider Form                    Transmutation/Poison         3
   d - Ice Form                       Ice/Transmutation            4
   e - Blade Hands                    Transmutation                5
 t - a book of Necromancy

   Spells                             Type                      Level
   a - Pain                           Necromancy                   1
   b - Animate Skeleton               Necromancy                   1
   c - Vampiric Draining              Necromancy                   3
   d - Regeneration                   Charms/Necromancy            3
   e - Animate Dead                   Necromancy                   4
   f - Control Undead                 Necromancy                   4
 v - a book of Power

   Spells                             Type                      Level
   a - Iskenderun's Battlesphere      Conjuration/Charms           5
   b - Venom Bolt                     Conjuration/Poison           5
   c - Bolt of Magma                  Conjuration/Fire/Earth       5
   d - Iron Shot                      Conjuration/Earth            6
   e - Orb of Destruction             Conjuration                  7
   f - Spellforged Servitor           Conjuration/Summoning        7
 A - a book of Party Tricks

   Spells                             Type                      Level
   a - Summon Butterflies             Summoning                    1
   b - Apportation                    Translocation                1
   c - Lesser Beckoning               Translocation                3
   d - Tukima's Dance                 Hexes                        3
   e - Alistair's Intoxication        Transmutation/Poison         5
   f - Invisibility                   Hexes                        6
 E - a book of Frost

   Spells                             Type                      Level
   a - Freeze                         Ice                          1
   b - Throw Frost                    Conjuration/Ice              2
   c - Ozocubu's Armour               Charms/Ice                   3
   d - Throw Icicle                   Conjuration/Ice              4
   e - Summon Ice Beast               Ice/Summoning                4
Comestibles
 j - 3 meat rations
 B - 8 chunks of flesh


   Skills:
 + Level 4.8 Fighting
 + Level 2.7 Armour
 * Level 5.3 Dodging
 + Level 3.7 Stealth
 * Level 8.2 Unarmed Combat
 + Level 5.8 Spellcasting
 * Level 6.7 Transmutations
 + Level 5.1 Ice Magic
 + Level 5.2 Poison Magic


You had one spell level left.
You knew the following spells:

 Your Spells              Type           Power        Failure   Level  Hunger
a - Beastly Appendage     Tmut           ####..       14%         1    None
b - Sticks to Snakes      Tmut           ####....     17%         2    #......
c - Spider Form           Tmut/Pois      ####......   26%         3    ##.....
d - Ice Form              Ice/Tmut       ####....     50%         4    ####...
e - Blade Hands           Tmut           ####......   65%         5    ######.
f - Alistair's Intoxicat  Tmut/Pois      ####....     73%         5    ######.


Dungeon Overview and Level Annotations

Branches:
Dungeon (10/15)            Temple (1/1) D:7
   Lair: D:8-11         Orc: D:9-12

Altars:
Ashenzari
Cheibriados
Dithmenos
Elyvilon
Fedhas
Gozag
Hepliaklqana
Kikubaaqudgha
Makhleb
Nemelex Xobeh
Okawaru
Qazlal
Ru
Sif Muna
Trog
Uskayaw
Vehumet
Wu Jian
Xom
Yredelemnul
Zin
The Shining One

Shops:
D:5 :   D:6 (


Innate Abilities, Weirdness & Mutations

You have sharp fingernails.
You have large cloven feet.
You have a pair of horns on your head.
A weak demonic guardian rushes to your aid.
You may emit foul miasma when damaged in melee.
You are immune to rotting.
You possess an exceptional clarity of mind.
Your mind is acute. (Int +2)
You do not regenerate when monsters are visible.
Your muscles are strong. (Str +2)


Message History

You spin and attack the skeletal warrior.
You slice the skeletal warrior!!
The skeletal warrior is almost destroyed.
The skeletal warrior hits you with a long sword!
Your white imp hits the skeletal warrior but does no damage.
The skeletal warrior hits you with a halberd!!
* * * LOW HITPOINT WARNING * * *
As you read the scroll of teleportation, it crumbles to dust.
You feel strangely unstable. The skeletal warrior barely misses you.
Your white imp hits the skeletal warrior but does no damage.
The skeletal warrior hits you with a long sword!
* * * LOW HITPOINT WARNING * * *
You emit a cloud of foul miasma!
Unknown command.
You feel much better.
The skeletal warrior hits you with a halberd!!
* * * LOW HITPOINT WARNING * * *
You emit a cloud of foul miasma!
The skeletal warrior hits you with a war axe!
You die...

##### #...# #...# #...#
##..$# ... ####.zz.#....
#....@z.#...#
.#####.z.#...# ....
+.5.#...# ..#
.....#'###...# +...#
..............# #...#
######........#+###...##
#.................#
#.......(.........#
#.................#


You could see 4 skeletal warriors and a friendly white imp.

Vanquished Creatures
  A hydra (D:7)
  Erica (D:8)
  2 two-headed ogres
  A troll (D:10)
  A hornet (D:9)
  Sigmund (D:2)
  A hungry ghost (D:8)
  Menkaure (D:7)
  A soldier ant (D:10)
  A water moccasin (D:8)
  2 orc warriors
  A sky beast (D:8)
  2 ice beasts
  A phantom (D:10)
  3 wolves (D:8)
  3 centaurs
  2 ogres
  4 big kobolds
  5 bullfrogs
  A gnoll sergeant (D:9)
  A scorpion (D:9)
  13 killer bees
  8 wights (D:8)
  7 crimson imps
  4 howler monkeys
  A centaur zombie (D:9)
  7 orc priests
  2 jellies
  Crazy Yiuf (D:2)
  5 hounds
  2 iguanas
  3 orc wizards
  Jessica (D:2)
  2 bullfrog skeletons (D:7)
  Terence (D:3)
  Natasha (twice) (D:3)
  11 worker ants
  A killer bee zombie (D:8)
  A hound skeleton (D:8)
  2 worker ant zombies (D:8)
  Robin (D:3)
  6 gnolls
  7 adders
  2 river rats (Sewer)
  4 shadow imps
  2 oozes
  2 adder zombies (D:5)
  2 adder skeletons
  4 worms
  10 dart slugs
  3 leopard geckos
  12 orcs
  6 giant cockroaches
  11 hobgoblins
  11 jackals
  19 kobolds
  5 quokkas
  A ball python (D:9)
  3 bats
  5 frilled lizards
  9 goblins
  15 rats
  5 rat zombies (D:5)
255 creatures vanquished.

Vanquished Creatures (collateral kills)
  A centaur skeleton (D:7)
  Grum (D:8)
  A hungry ghost (D:7)
  An ogre (D:8)
  A wolf (D:8)
  2 bullfrogs
  A howler monkey (D:3)
  A bullfrog zombie (D:7)
  An orc wizard (D:5)
  A leopard gecko (D:7)
  3 orcs
  A jackal (Sewer)
  3 kobolds
18 creatures vanquished.

Vanquished Creatures (others)
  An ogre (D:9)
  An iguana (D:9)
  An orc wizard (D:9)
  A kobold (D:9)
4 creatures vanquished.

Grand Total: 277 creatures vanquished

Notes
Turn   | Place    | Note
-------+----------+-------------------------------------------
     0 | D:1      | Kidiri the Demonspawn Transmuter began the quest for the Orb.
     0 | D:1      | Reached XP level 1. HP: 15/15 MP: 3/3
   144 | D:1      | Gained mutation: You have a pair of small horns on your head. [demonic ancestry]
   144 | D:1      | Reached XP level 2. HP: 21/21 MP: 3/5
   163 | D:1      | Learned a level 2 spell: Sticks to Snakes
   789 | D:2      | Noticed Sigmund
   830 | D:2      | Gained mutation: You have large cloven feet. [demonic ancestry]
   830 | D:2      | Reached XP level 3. HP: 26/26 MP: 6/6
   838 | D:2      | Learned a level 3 spell: Spider Form
   926 | D:2      | HP: 1/26 [worm (2)]
  1349 | D:2      | HP: 1/26 [worm (10)]
  1352 | D:2      | Killed Sigmund
  1352 | D:2      | Reached skill level 3 in Unarmed Combat
  1352 | D:2      | Reached skill level 1 in Poison Magic
  1352 | D:2      | Gained mutation: You are immune to rotting. [demonic ancestry]
  1352 | D:2      | Reached XP level 4. HP: 12/33 MP: 6/8
  1352 | D:2      | Gained mutation: A weak demonic guardian rushes to your aid. [demonic ancestry]
  1352 | D:2      | Reached XP level 5. HP: 14/38 MP: 6/9
  1763 | D:2      | Noticed Jessica
  1772 | D:2      | Killed Jessica
  1941 | D:2      | Found a runed door.
  2007 | D:2      | Noticed Crazy Yiuf
  2016 | D:2      | Killed Crazy Yiuf
  2158 | D:3      | Noticed Robin
  2178 | D:3      | Killed Robin
  2178 | D:3      | Gained mutation: You have a pair of horns on your head. [demonic ancestry]
  2178 | D:3      | Reached XP level 6. HP: 27/45 MP: 7/10
  2355 | D:3      | Learned a level 4 spell: Ice Form
  2416 | D:3      | Noticed Terence
  2430 | D:3      | Killed Terence
  2607 | D:3      | Found an ornate altar of the Wu Jian Council.
  2619 | D:3      | Became a worshipper of the Wu Jian Council
  2727 | D:3      | Noticed Natasha
  2733 | D:3      | Killed Natasha
  2791 | D:3      | Noticed Natasha
  2804 | D:3      | Killed Natasha
  3194 | D:4      | Found an opulent altar of Gozag.
  3242 | D:4      | Reached skill level 1 in Ice Magic
  3673 | D:4      | Gained mutation: Your mind is acute. (Int +2) [potion of mutation]
  3673 | D:4      | Gained mutation: Your muscles are strong. (Str +2) [potion of mutation]
  3673 | D:4      | Gained mutation: You do not regenerate when monsters are visible. [potion of mutation]
  3673 | D:4      | Gained mutation: You possess an exceptional clarity of mind. [potion of mutation]
  3983 | D:4      | Reached skill level 1 in Stealth
  3983 | D:4      | Reached skill level 4 in Unarmed Combat
  3983 | D:4      | Gained mutation: You may emit foul miasma when damaged in melee. [demonic ancestry]
  3983 | D:4      | Reached XP level 7. HP: 39/51 MP: 7/11
  4360 | D:4      | Found a blossoming altar of Fedhas.
  4432 | D:5      | Entered Level 5 of the Dungeon
  4437 | D:5      | Found Esitsupi's Book Boutique.
  4453 | D:5      | Reached * piety under Wu Jian
  4516 | D:5      | Found an ancient bone altar of Kikubaaqudgha.
  5061 | D:5      | Found a sparkling altar of Nemelex Xobeh.
  5734 | D:6      | Found Lualomau's Weapon Shoppe.
  5778 | D:6      | Reached skill level 5 in Unarmed Combat
  6085 | D:6      | Found a glowing drain.
  6090 | Sewer    | Entered a sewer
  6107 | Sewer    | Reached ** piety under Wu Jian
  6107 | Sewer    | Gained mutation: You have sharp fingernails. [demonic ancestry]
  6107 | Sewer    | Reached XP level 8. HP: 45/57 MP: 3/13
  6284 | Sewer    | Found a white marble altar of Elyvilon.
  6707 | D:7      | Noticed Menkaure
  6712 | D:7      | Killed Menkaure
  6724 | D:7      | HP: 1/85 [killer bee (5)]
  7050 | D:7      | Noticed a six-headed hydra
  7122 | D:7      | Learned a level 5 spell: Blade Hands
  7254 | D:7      | Found a staircase to the Ecumenical Temple.
  7264 | Temple   | Entered the Ecumenical Temple
  7437 | D:7      | Killed a six-headed hydra
  7437 | D:7      | Reached skill level 6 in Unarmed Combat
  7437 | D:7      | Reached XP level 9. HP: 18/64 MP: 10/15
  8297 | D:7      | Reached skill level 7 in Unarmed Combat
  8782 | D:8      | Noticed Grum
  8791 | D:8      | Killed Grum
  9091 | D:8      | Reached skill level 1 in Armour
  9091 | D:8      | Reached skill level 5 in Transmutations
  9112 | D:8      | Found a basalt altar of Yredelemnul.
  9488 | D:8      | Found a basalt altar of Yredelemnul.
  9488 | D:8      | Reached *** piety under Wu Jian
  9488 | D:8      | Reached skill level 5 in Spellcasting
  9489 | D:8      | Found a glowing golden altar of the Shining One.
  9490 | D:8      | Reached XP level 10. HP: 42/71 MP: 12/17
  9503 | D:8      | Noticed a profane servitor
  9523 | D:8      | Noticed an angel
  9563 | D:8      | Noticed Erica
  9579 | D:8      | Killed Erica
  9827 | D:8      | Noticed a two-headed ogre
  9849 | D:8      | Killed a two-headed ogre
 10554 | D:9      | Noticed a two-headed ogre
 10753 | D:8      | Reached skill level 5 in Ice Magic
 10948 | D:9      | Reached **** piety under Wu Jian
 11073 | D:9      | Found a shimmering altar of Xom.
 11092 | D:9      | Learned a level 5 spell: Alistair's Intoxication
 11128 | D:9      | Killed a two-headed ogre
 11128 | D:9      | Reached skill level 5 in Dodging
 11128 | D:9      | Reached skill level 8 in Unarmed Combat
 11128 | D:9      | Reached skill level 5 in Poison Magic
 11422 | D:9      | Found a sacrificial altar of Ru.
 11597 | D:9      | Reached XP level 11. HP: 77/78 MP: 19/19
 12189 | D:10     | Entered Level 10 of the Dungeon
 12500 | D:10     | Noticed a skeletal warrior
 12500 | D:10     | Noticed a skeletal warrior
 12500 | D:10     | Noticed a skeletal warrior
 12502 | D:10     | Noticed a skeletal warrior
 12508 | D:10     | Mangled by a skeletal warrior

Vault maps used:
D:1:      dpeg_arrival_pits
D:2:      serial_glass, glass_columns_a, glass_columns_b, roderic_roman_lattice,
          uniq_crazy_yiuf_cottage, uniq_sigmund, uniq_jessica
D:3:      lemuel_round_altar, first_bread, uniq_robin, uniq_terence,
          uniq_natasha
D:4:      kennysheep_slugbush, fedhas_altar_3, grunt_gozag_statues
D:5:      lemuel_zombie_altar_kikubaaqudgha, nicolae_overflow_crystal_walls,
          serial_shops, nicolae_shop_waterfront, minmay_misc_feat_columns,
          kennysheep_cross_bottleneck
D:6:      serial_shops, shop, gup_sewer_entry_spiral
D:7:      minmay_temple_entry_poolview, uniq_menkaure
D:8:      grunt_temple_overflow_holy_war, basic_altar, uniq_grum, uniq_erica
D:9:      nicolae_ru_great_annihilating_truth, xom_confusion_cloud
D:10:     grunt_tengu_nest
Temple:   nicolae_temple_god_jail
Sewer:    sewer_kobolds

Skill      XL: |  1  2  3  4  5  6  7  8  9 10 |
---------------+-------------------------------+-----
Transmutations | 2 3 4 5 6 |  6.7
Dodging        | 2 3 4 5 |  5.3
Fighting       | 2 3 4 |  4.8
Unarmed Combat | 3 4 5 6 7 8 |  8.2
Poison Magic   | 1 2 3 4 5 |  5.2
Spellcasting   | 3 4 5 |  5.8
Ice Magic      | 1 2 3 4 5 |  5.1
Stealth        | 1 2 3 |  3.7
Armour         | 1 2 |  2.7

Action                   |  1- 3 |  4- 6 |  7- 9 | 10-12 || total
-------------------------+-------+-------+-------+-------++-------
Melee: Unarmed           |    96 |   165 |   377 |   193 ||   831
       Kick              |    16 |    24 |    34 |    12 ||    86
       Headbutt          |    14 |    12 |    25 |     9 ||    60
       Punch             |     1 |     3 |     4 |     1 ||     9
 Cast: Beastly Appendage |     7 |       |       |       ||     7
       Spider Form       |     1 |    10 |    20 |     7 ||    38
       Sticks to Snakes  |     1 |       |       |       ||     1
       Ice Form          |       |       |    11 |     9 ||    20
       Blade Hands       |       |       |     1 |     9 ||    10
 Abil: Evoke Flight      |       |     1 |     1 |       ||     2
  Use: Potion            |     2 |     1 |     1 |     2 ||     6
       Scroll            |       |     7 |    10 |     6 ||    23
 Stab: Sleeping          |     3 |     1 |     2 |       ||     6
       Distracted        |       |     2 |     2 |     2 ||     6
       Paralysed         |       |       |       |     1 ||     1
  Eat: Chunk             |     1 |     7 |    12 |     8 ||    28
       Bread ration      |     1 |       |     3 |     1 ||     5
       Royal jelly       |       |       |     1 |       ||     1
       Meat ration       |       |       |       |     1 ||     1
Armor: Robe              |    11 |    18 |    31 |    13 ||    73
       Skin              |       |       |    28 |    17 ||    45
Dodge: Dodged            |    55 |   110 |   233 |   127 ||   525
